 Dungeon Crawl Stone Soup version 0.19.1-1-g22dce08 (webtiles) character file.

175 esteth the Chopper (level 5, -7/38 HPs)
             Began as a Demonspawn Gladiator on Dec 30, 2016.
             Mangled by sose's ghost (8 damage)
             ... on level 5 of the Dungeon.
             The game lasted 00:07:49 (2475 turns).

esteth the Chopper (Demonspawn Gladiator)           Turns: 2475, Time: 00:07:49

Health: -7/38      AC: 14    Str: 16    XL:     5   Next: 29%
Magic:  5/5        EV:  5    Int:  9    God:
Gold:   213        SH:  0    Dex: 14    Spells: 0 memorised, 4 levels left

rFire  + . .     SeeInvis .     a - +0 war axe
rCold  + + .     Gourm    .     q - +2 plate armour {rC+}
rNeg   + . .     Faith    .     (no shield)
rPois  +         Spirit   .     (helmet restricted)
rElec  +         Reflect  .     (no cloak)
rCorr  +         Harm     .     (no gloves)
MR     .....                    (no boots)
Stlth  ..........               l - amulet of regeneration
                                (no ring)
                                n - ring of positive energy

@: lethally poisoned (-7 -> -10), resistant, flying
A: horns 1, slimy green scales 1, rot immunity
a: no special abilities


You were on level 5 of the Dungeon.
You were not hungry.

You visited 1 branch of the dungeon, and saw 5 of its levels.

You collected 213 gold pieces.

Inventory:

Hand Weapons
 a - a +0 war axe (weapon)
 y - the +2 mace "Pododam" {protect, Dex+2}
   (You found it on level 4 of the Dungeon)

   It protects the one who uses it against injury (+AC on strike).
   It affects your dexterity (+2).
Missiles
 d - 3 throwing nets (quivered)
Armour
 b - a +0 leather armour
 c - a +0 helmet
 q - a +2 plate armour of cold resistance (worn)
Jewellery
 l - an amulet of regeneration (around neck)
 n - a ring of positive energy (left hand)
 t - an uncursed amulet of faith
Scrolls
 e - 2 scrolls of teleportation
 h - 2 scrolls of fear
 k - 3 scrolls of identify
 m - 2 scrolls of remove curse
 v - a scroll of immolation
 x - a scroll of random uselessness
Potions
 o - a potion of ambrosia {unknown}
 s - a potion of flight
 u - a potion of cancellation {unknown}
 w - a potion of agility {unknown}
 z - a potion of curing {unknown}
Comestibles
 f - 5 bread rations
 j - 2 meat rations
 p - 2 beef jerkies
 A - a slice of pizza


   Skills:
 - Level 2.0 Fighting
 + Level 5.0 Axes
 - Level 1.7 Throwing
 + Level 1.8 Armour
 - Level 2.6 Dodging


You had 4 spell levels left.
You didn't know any spells.

Dungeon Overview and Level Annotations

Branches:
Dungeon (5/15)
 Temple: D:4-7

Altars:
Fedhas
Sif Muna

Annotations:
D:5 sose's ghost, novice TrTm


Innate Abilities, Weirdness & Mutations

You have a pair of small horns on your head.
You are partially covered in slimy green scales. (AC +2)
You are immune to rotting.


Message History

* * * LOW HITPOINT WARNING * * *
You feel sick.
It was a potion of resistance.
You feel protected.
* * * LOW HITPOINT WARNING * * *
You feel sick.
The worker ant bites you but does no damage.
Sose's ghost hits you but does no damage.
It was a potion of flight.
You feel very buoyant.
You fly up into the air.
* * * LOW HITPOINT WARNING * * *
You feel sick.
The worker ant bites you but does no damage.
Sose's ghost hits you but does no damage.
The worker ant bites you but does no damage.
It was a potion of cure mutation.
It has a very clean taste.
* * * LOW HITPOINT WARNING * * *
You feel sick. Sose's ghost hits you!
You die...

########
#......#
#......#
#......#
#......#
#......#
#..Wa..##%
###@#......
#.........#
##.#.####...
##..#.# ..
#.<##.# .
#.........
#####.....
#..... .####


You could see a worker ant and sose's ghost.

Vanquished Creatures
  Crazy Yiuf (D:4)
  A worker ant (D:4)
  2 adders (D:2)
  An ooze (D:2)
  An adder skeleton (D:4)
  3 worms
  4 leopard geckos
  13 orcs
  7 giant cockroaches
  10 hobgoblins
  2 jackals (D:1)
  A quokka (D:2)
  A ball python (D:2)
  5 bats
  3 frilled lizards
  3 goblins
  7 kobolds
  A quokka skeleton (D:4)
  4 rats
70 creatures vanquished.

Notes
Turn   | Place    | Note
-------+----------+-------------------------------------------
     0 | D:1      | esteth the Demonspawn Gladiator began the quest for the Orb.
     0 | D:1      | Reached XP level 1. HP: 16/16 MP: 1/1
   376 | D:1      | Reached skill level 3 in Axes
   532 | D:1      | Gained mutation: You have a pair of small horns on your head. [demonic ancestry]
   532 | D:1      | Reached XP level 2. HP: 17/22 MP: 2/2
   988 | D:2      | Gained mutation: You are partially covered in slimy green scales. (AC +2) [demonic ancestry]
   988 | D:2      | Reached XP level 3. HP: 22/27 MP: 3/3
  1167 | D:2      | Reached skill level 4 in Axes
  1357 | D:3      | Reached XP level 4. HP: 31/33 MP: 4/4
  1427 | D:3      | Found a deep blue altar of Sif Muna.
  1824 | D:3      | Reached skill level 1 in Armour
  2132 | D:4      | Gained mutation: You are immune to rotting. [demonic ancestry]
  2132 | D:4      | Reached XP level 5. HP: 38/38 MP: 5/5
  2250 | D:4      | Found a blossoming altar of Fedhas.
  2410 | D:4      | Found a runed door.
  2414 | D:4      | Noticed Crazy Yiuf
  2422 | D:4      | Killed Crazy Yiuf
  2422 | D:4      | Reached skill level 5 in Axes
  2424 | D:4      | Got a transparent mace
  2425 | D:4      | Identified the +2 mace "Pododam" {protect, Dex+2} (You found it on level 4 of the Dungeon)
  2461 | D:5      | Entered Level 5 of the Dungeon
  2465 | D:5      | Noticed sose's ghost (novice TrTm)
  2473 | D:5      | HP: 1/38 [poisoned by a worker ant]
  2475 | D:5      | Mangled by sose's ghost

Skill      XL: |  1  2  3  4  5 |
---------------+----------------+-----
Axes           | 3 4 5 |  5.0
Armour         | 1 |  1.8
Fighting       | |  2.0
Throwing       | |  1.7
Dodging        | |  2.6

Action                   |  1- 3 |  4- 6 || total
-------------------------+-------+-------++-------
Melee: War axe           |   118 |   110 ||   228
       Headbutt          |    17 |    18 ||    35
  Use: Scroll            |     4 |     6 ||    10
       Potion            |       |     3 ||     3
  Eat: Chunk             |     2 |     3 ||     5
Armor: Leather armour    |    14 |       ||    14
       Plate armour      |    72 |    88 ||   160
Dodge: Dodged            |    49 |    22 ||    71
